 Dungeon Crawl Stone Soup version 0.27.1-2-g3b301248ec (webtiles) character file.

Game seed: 2962504949560108142

166 Descartes the Stinger (level 5, -6/28 HPs)
             Began as a Deep Elf Venom Mage on Oct 2, 2021.
             Mangled by a kobold (10 damage)
             ... in a sewer.
             The game lasted 00:07:02 (3168 turns).

Descartes the Stinger (Deep Elf Venom Mage)         Turns: 3168, Time: 00:07:04

Health: -6/28      AC:  2    Str:  3 (5)  XL:     5   Next: 22%
Magic:  11/13      EV: 13    Int: 21      God:
Gold:   115        SH:  0    Dex: 17      Spells: 9/12 levels left

rFire    . . .     SeeInvis .   g - +0 short sword (holy)
rCold    . . .     Faith    .   (no shield)
rNeg     . . .     Spirit   .   a - +0 robe
rPois    .         Reflect  .   (no helmet)
rElec    .         Harm     .   (no cloak)
rCorr    .         Rampage  .   (no gloves)
Will     .....                  (no boots)
Stlth    +++.......             (no amulet)
HPRegen  0.09/turn              (no ring)
MPRegen  0.13/turn              (no ring)

@: no status effects
A: agile 1
a: no special abilities


You were in a sewer.
You visited 1 branch of the dungeon, and saw 3 of its levels.
You also visited: Sewer.

You collected 115 gold pieces.

Inventory:

Hand Weapons
 e - a +0 hunting sling
 g - a +0 short sword of holy wrath (weapon)
Missiles
 d - 17 arrows
 h - 40 stones
 j - 16 bolts
 k - 16 poisoned darts
Armour
 a - a +0 robe (worn)
Scrolls
 c - a scroll of fear
Potions
 f - a potion of lignification


   Skills:
 + Level 3.2 Dodging
 + Level 3.4 Stealth
 + Level 4.0 Spellcasting
 + Level 2.3 Transmutations
 + Level 1.2 Air Magic
 * Level 4.5 Poison Magic


You had 9 spell levels left.
You knew the following spells:

 Your Spells              Type           Power      Damage    Failure   Level
a - Sting                 Tmut/Pois      72%        1d6       3%          1
b - Poisonous Vapours     Pois/Air       32%        N/A       5%          2

Your spell library contained the following spells:

 Spells                   Type           Power      Damage    Failure   Level
 Mephitic Cloud           Conj/Pois/Air  12%        N/A       16%         3
 Olgreb's Toxic Radiance  Pois           23%        N/A       19%         4


Dungeon Overview and Level Annotations

Branches:
Dungeon (3/15)              Sewer (1/1)

Altars:


Innate Abilities, Weirdness & Mutations

You are agile. (Dex +2)


Message History

You enter a sewer!
Found a gate leading back out of this place.
There is an empty arch of ancient stone here.
Magic restored.
HP restored.
You enter the shallow water.
Moving in this stuff is going to be slow.
A kobold comes into view.
It is wielding a +0 dagger of electrocution.
The kobold moves out of view.
A frilled lizard comes into view.
Casting: Sting (safe; 3% risk of failure)
Confirm with . or Enter, or press ? or * to list all spells.
Aiming: Poisonous Vapours (safe; 5% risk of failure)
Press: ? - help, Dir - move target, f - kobold
Aim: a kobold, wielding a +0 dagger of electrocution and quivering stones Poisonous vapours surround the kobold!
The kobold is poisoned.
A jackal comes into view.
Casting: Poisonous Vapours (safe; 5% risk of failure)
Confirm with . or Enter, or press ? or * to list all spells.
Aiming: Sting (safe; 3% risk of failure)
Press: ? - help, Shift-Dir - straight line, f/p - kobold
Aim: a kobold, wielding a +0 dagger of electrocution and quivering stones (moderately wounded, poisoned, 67% to hit)
Your line of fire to the kobold is blocked by a plant.
Continue anyway? [Y]es or [N]o only, please.
Your line of fire to the kobold is blocked by a plant.
Continue anyway?
Okay, then.
The kobold hits you but does no damage.
You hit the kobold.
The kobold is severely wounded.
The kobold hits you with a +0 dagger of electrocution.
You are electrocuted!!
Ouch! That really hurt!
* * * LOW HITPOINT WARNING * * *
You hit the kobold but do no damage.
The kobold is severely wounded.
The kobold looks more healthy.
The kobold hits you with a +0 dagger of electrocution.
* * * LOW HITPOINT WARNING * * *
You are electrocuted!
You die...

.≈# h≈.#≈#
..≈#≈#
.≈...≈≈
###≈..≈.#
#.≈≈≈.≈#
#.K....#
#@PP######
#.P.≈≈≈≈≈l
#..P#######
#≈≈≈.≈≈.≈P###
##.≈≈∩∩≈P.PP#
#≈≈..≈.#≈#P.
#≈≈≈≈≈≈#
##≈≈≈≈≈#
##≈≈≈≈#


You could see a kobold.

Vanquished Creatures
  Natasha (thrice) (D:2)
  2 river rats (D:3)
  2 worms
  A dart slug (D:3)
  9 bats
  8 endoplasms
  2 giant cockroaches
  3 hobgoblins
  2 quokkas
  13 ball pythons
  3 frilled lizards
  4 goblins
  3 kobolds
  14 rats
69 creatures vanquished.

Vanquished Creatures (others)
  2 plants (Sewer)
2 creatures vanquished.

Grand Total: 71 creatures vanquished

Notes
Turn   | Place    | Note
-------+----------+-------------------------------------------
     0 | D:1      | Descartes the Deep Elf Venom Mage began the quest for the
                  | Orb.
     0 | D:1      | Reached XP level 1. HP: 10/10 MP: 6/6
   368 | D:1      | Reached XP level 2. HP: 15/15 MP: 5/8
  1255 | D:2      | Learned a level 2 spell: Poisonous Vapours
  1368 | D:2      | Reached XP level 3. HP: 19/19 MP: 7/9
  1725 | D:2      | Noticed Natasha
  1764 | D:2      | Killed Natasha
  1891 | D:2      | Noticed Natasha
  1900 | D:2      | Reached XP level 4. HP: 3/24 MP: 2/11
  1905 | D:2      | HP: 1/24 [ball python (1)]
  1909 | D:2      | Gained mutation: You are agile. (Dex +2) [potion of
                  | mutation]
  1909 | D:2      | Gained mutation: Armour fits poorly on your strangely
                  | shaped body. [potion of mutation]
  1909 | D:2      | Lost mutation: Armour fits poorly on your strangely shaped
                  | body. [potion of mutation]
  1911 | D:2      | Killed Natasha
  2403 | D:2      | Noticed Natasha
  2408 | D:2      | Killed Natasha
  2409 | D:2      | Reached skill level 1 in Air Magic
  2912 | D:3      | Reached XP level 5. HP: 28/28 MP: 0/12
  2997 | D:3      | Found a glowing drain.
  3053 | Sewer    | Entered a sewer
  3168 | Sewer    | Mangled by a kobold

Illustrated notes

Levels and vault maps discovered:
D:1:      minmay_arrival_glassed_features, layout_basic, serial_aquarium,
          aquarium_bridge_square [aquarium_subvault_wall,
          aquarium_subvault_bridge, aquarium_subvault_wall,
          aquarium_subvault_bridge], aquarium_bridge_square
          [aquarium_subvault_wall, aquarium_subvault_balcony,
          aquarium_subvault_bridge, aquarium_subvault_bridge],
          aquarium_window_2, aquarium_window_fake, aquarium_window_2,
          aquarium_view_2e, aquarium_view_2e, aquarium_balcony_5b,
          aquarium_pool_2
D:2:      layout_basic, kennysheep_generic_room_13, uniq_natasha
D:3:      layout_loops_ring, chequers_ecumenical_altar_island,
          portal_sewer_entry_e
Sewer:    sewer_co_scattered_pipes

Skill      XL: |  1  2  3  4  5 |
---------------+----------------+-----
Stealth        | 3 |  3.4
Transmutations | 2 |  2.3
Poison Magic   | 4 |  4.5
Dodging        | 3 |  3.2
Air Magic      | 1 |  1.2
Spellcasting   | 4 |  4.0

Action                   |  1- 3 |  4- 6 || total
-------------------------+-------+-------++-------
Melee: Short sword       |       |    12 ||    12
 Cast: Sting             |    87 |    42 ||   129
       Poisonous Vapours |     3 |     8 ||    11
  Use: Scroll            |       |     3 ||     3
       Potion            |       |     3 ||     3
Armor: Robe              |     3 |     3 ||     6
Dodge: Dodged            |    22 |    19 ||    41
